 Dungeon Crawl Stone Soup version 0.20-a0-1020-g7b9e4fe (webtiles) character file.

306 Monsterracer the Caller (level 6, -12/41 HPs)
             Began as a Mummy Summoner on Apr 18, 2017.
             Was an Initiate of Sif Muna.
             Mangled by an orc warrior
             ... wielding a +0 mace
              (21 damage)
             ... on level 4 of the Dungeon.
             The game lasted 00:17:53 (4615 turns).

Monsterracer the Caller (Mummy Summoner)            Turns: 4615, Time: 00:17:54

Health: -12/41     AC:  5    Str: 11    XL:     6   Next: 16%
Magic:  2/12       EV: 12    Int: 17    God:    Sif Muna [......]
Gold:   159        SH:  0    Dex: 12    Spells: 4/13 levels left

rFire    x . .     SeeInvis .   h - +2 spear (flame)
rCold    + . .     Gourm    .   (no shield)
rNeg     + + +     Faith    .   a - +0 robe
rPois    ∞         Spirit   .   (no helmet)
rElec    .         Reflect  .   f - +0 cloak
rCorr    .         Harm     .   j - +0 pair of gloves
MR       .....                  l - +0 pair of boots
Stlth    ++........             (no amulet)
Regen    0.2/turn               (no ring)
MPRegen  0.2/turn               (no ring)

@: very slightly contaminated
A: no food or potions, fire vulnerability, cold resistance 1, negative energy
resistance 3, torment resistance, unbreathing
a: Renounce Religion


You were on level 4 of the Dungeon.
You worshipped Sif Muna.
Sif Muna was noncommittal.
You were not hungry.

You visited 1 branch of the dungeon, and saw 4 of its levels.

You collected 159 gold pieces.

Inventory:

Hand Weapons
 h - a +2 spear of flaming (weapon)
Armour
 a - a +0 robe (worn)
 f - a +0 cloak (worn)
 j - a +0 pair of gloves (worn)
 k - a +0 shield
 l - a +0 pair of boots (worn)
Scrolls
 c - 3 scrolls of enchant weapon {unknown}
 d - 2 scrolls of noise {unknown}
 e - 2 scrolls of random uselessness
 g - 4 scrolls of identify
 i - 2 scrolls of teleportation {unknown}
Books
 b - a book of Callings

   Spells                             Type                      Level
   a - Summon Small Mammal            Summoning                    1
   b - Call Imp                       Summoning                    2
   c - Call Canine Familiar           Summoning                    3
   d - Summon Guardian Golem          Hexes/Summoning              3
   e - Summon Lightning Spire         Summoning/Air                4
   f - Summon Ice Beast               Ice/Summoning                4


   Skills:
 * Level 2.6 Polearms
 - Level 1.5 Dodging
 - Level 1.5 Stealth
 + Level 4.2 Spellcasting
 * Level 4.9 Summonings


You had 4 spell levels left.
You knew the following spells:

 Your Spells              Type           Power        Failure   Level  Hunger
a - Summon Small Mammal   Summ           ###.         1%          1    N/A
b - Call Imp              Summ           ###.....     2%          2    N/A
c - Call Canine Familiar  Summ           ###.....     8%          3    N/A
d - Summon Guardian Gole  Hex/Summ       ##......     17%         3    N/A

Dungeon Overview and Level Annotations

Branches:
Dungeon (4/15)
 Temple: D:4-7

Altars:
Hepliaklqana
Makhleb
Ru
Sif Muna
Xom
Zin


Innate Abilities, Weirdness & Mutations

You do not eat or drink.
Your flesh is vulnerable to fire.
You are immune to poison.
Your flesh is cold resistant. (rC+)
You are immune to negative energy. (rN+++)
You are immune to unholy pain and torment.
You can survive without breathing.


Message History

Sif Muna accepts your kill. The orc warrior closely misses you.
Your hound bites the orc warrior but does no damage.
Things that are here:
a flail; an orc corpse You swap places.
Something hits your quokka!
Your quokka dies!
Your quokka's corpse disappears in a puff of smoke!
Your hound disappears in a puff of smoke!
The orc warrior hits you with a mace!!
Ouch! That really hurt!
* * * LOW HITPOINT WARNING * * *
Your guardian golem disappears in a puff of smoke!
There is a stone staircase leading up here.
As you read the scroll labeled XALUATOUWEMI, it crumbles to dust.
It is a scroll of identify.
e - 2 scrolls of random uselessness The orc warrior hits you with a mace!!
Ouch! That really hurt!
You die...

.. ##
###.### .#
#.§.## .#
##...## .
##.# #....#
... ##<#
#....#
.....###..#
###..#..#
#....##
#...###..#
######
##o..# ##.#
##@#### #.#
##.## .
#.## #.##
#.# ##


You could see an orc warrior.

Vanquished Creatures
  Grinder (D:3)
  Crazy Yiuf (D:3)
  3 adders
  A worm (D:3)
  2 leopard geckos (D:2)
  3 orcs
  6 giant cockroaches
  2 hobgoblins (D:2)
  2 jackals (D:1)
  7 bats
  A frilled lizard (D:2)
  7 goblins
  3 kobolds
  7 rats
46 creatures vanquished.

Vanquished Creatures (collateral kills)
  An orc priest (D:4)
  A worker ant (D:3)
  4 adders
  An ooze (D:3)
  A worm (D:2)
  3 leopard geckos
  3 orcs (D:3)
  3 giant cockroaches (D:3)
  8 goblins
  5 hobgoblins
  5 jackals (D:1)
  10 kobolds
  5 bats (D:1)
  3 frilled lizards (D:1)
  6 rats
  A fungus (D:3)
60 creatures vanquished.

Grand Total: 106 creatures vanquished

Notes
Turn   | Place    | Note
-------+----------+-------------------------------------------
     0 | D:1      | Monsterracer the Mummy Summoner began the quest for the Orb.
     0 | D:1      | Reached XP level 1. HP: 13/13 MP: 4/4
   702 | D:1      | Reached XP level 2. HP: 19/19 MP: 1/6
   706 | D:1      | Learned a level 2 spell: Call Imp
  1424 | D:1      | Reached XP level 3. HP: 23/24 MP: 1/7
  1588 | D:1      | Learned a level 3 spell: Call Canine Familiar
  2155 | D:2      | Reached skill level 1 in Polearms
  2520 | D:2      | Found a hazy altar of Hepliaklqana.
  2521 | D:2      | Found a shimmering altar of Xom.
  2522 | D:2      | Noticed a spectral ugly thing
  2618 | D:2      | Found a sacrificial altar of Ru.
  2646 | D:2      | Reached XP level 4. HP: 17/30 MP: 1/9
  2723 | D:2      | Learned a level 3 spell: Summon Guardian Golem
  3504 | D:3      | Noticed an Executioner
  3505 | D:3      | Found a burning altar of Makhleb.
  3508 | D:3      | Found a glowing silver altar of Zin.
  3508 | D:3      | Noticed an angel
  3767 | D:3      | Found a deep blue altar of Sif Muna.
  3771 | D:3      | Became a worshipper of Sif Muna the Loreminder
  3904 | D:3      | Noticed Grinder
  3919 | D:3      | Reached XP level 5. HP: 21/35 MP: 1/10
  4090 | D:3      | Paralysed by Grinder for 4 turns
  4104 | D:3      | Killed Grinder
  4258 | D:3      | Reached XP level 6. HP: 41/41 MP: 6/12
  4367 | D:3      | Found a runed door.
  4371 | D:3      | Noticed Crazy Yiuf
  4380 | D:3      | Killed Crazy Yiuf
  4585 | D:4      | Noticed an orc warrior
  4615 | D:4      | Mangled by an orc warrior

Vault maps used:
D:1:      mrwooster_arrival_statue_2, serial_glass, glass_columns_c,
          glass_columns_a, minmay_crystal_room
D:2:      regret_index_temple_of_mockery, nicolae_ru_the_path_less_chosen,
          first_bread
D:3:      grunt_temple_overflow_order_and_chaos_2, marbit_many_paths,
          minmay_bisected, uniq_crazy_yiuf_cottage, uniq_grinder
D:4:      minmay_misc_feat_rows, cheibriados_altar_1

Skill      XL: |  1  2  3  4  5 |
---------------+----------------+-----
Spellcasting   | 3 4 |  4.2
Polearms       | 1 2 |  2.6
Summonings     | 4 |  4.9
Dodging        | |  1.5
Stealth        | |  1.5

Action                   |  1- 3 |  4- 6 || total
-------------------------+-------+-------++-------
Melee: Hand axe          |    29 |       ||    29
       Unarmed           |     5 |       ||     5
       Spear             |    39 |    87 ||   126
 Cast: Summon Small Mamm |    69 |     8 ||    77
       Call Imp          |    35 |    15 ||    50
       Call Canine Famil |     1 |    13 ||    14
       Summon Guardian G |       |     7 ||     7
  Use: Scroll            |       |     1 ||     1
 Stab: Distracted        |     2 |     2 ||     4
       Sleeping          |     1 |     4 ||     5
Armor: Robe              |    41 |    19 ||    60
Dodge: Dodged            |    83 |    35 ||   118
